 Dungeon Crawl Stone Soup version 0.28.0-53-g5a82cb258f (webtiles) character file.

Game seed: 10211229366209984215

2107 Zeld the Thaumaturge (level 9, -15/41 (45) HPs)
             Began as a Deep Elf Fire Elementalist on May 24, 2022.
             Was an Initiate of Gozag.
             Demolished by a wight
             ... wielding a +0 great sword
              (20 damage)
             ... on level 7 of the Dungeon on May 25, 2022.
             The game lasted 00:08:35 (9944 turns).

Zeld the Thaumaturge (Deep Elf Fire Elementalist)   Turns: 9944, Time: 00:08:36

HP:   -15/41 (45)   AC:  3    Str: 11    XL:     9   Next: 7%
MP:   23/25         EV: 13    Int: 25    God:    Gozag
Gold: 504           SH:  0    Dex: 17    Spells: 18/28 levels left

rFire   . . .      SeeInvis .   a - +4 quarterstaff "Jeokh" {flame, Drain rCorr Str+6 Dex+2}
rCold   . . .      Faith    .   (shield currently unavailable)
rNeg    . . .      Spirit   .   f - +0 robe
rPois   .          Reflect  .   w - +0 helmet
rElec   .          Harm     .   (no cloak)
rCorr   +          Rampage  .   (no gloves)
Will    .....                   (no boots)
Stlth   ++........              (no amulet)
HPRegen 0.13/turn               g - ring of wizardry
MPRegen 0.19/turn               (no ring)

@: drained
A: no striking features
a: Renounce Religion, Potion Petition, Call Merchant, Bribe Branch


You were on level 7 of the Dungeon.
You worshipped Gozag.
Gozag was pleased with you.
You visited 2 branches of the dungeon, and saw 8 of its levels.
You also visited: Ossuary.

You collected 550 gold pieces.
You paid 46 gold pieces to Gozag.

Inventory:

Hand Weapons
 a - the +4 quarterstaff "Jeokh" (weapon) {flame, Drain rCorr Str+6 Dex+2}
   (You found it on level 4 of the Dungeon)

   It burns those it strikes, dealing additional fire damage.
   Str:       It affects your strength (+6).
   Dex:       It affects your dexterity (+2).
   rCorr:     It protects you from acid and corrosion.
   Drain:     It drains your maximum health when unequipped.
Armour
 f - a +0 robe (worn)
 w - a +0 helmet (worn)
Jewellery
 g - a ring of wizardry (left hand)
Wands
 h - a wand of digging (6)
 v - a wand of polymorph (10)
Scrolls
 c - 2 scrolls of enchant armour {unknown}
 e - a scroll of silence {unknown}
 i - a scroll of amnesia {unknown}
 k - a scroll of blinking {unknown}
 l - 3 scrolls of enchant weapon {unknown}
 m - 3 scrolls of identify {unknown}
 n - a scroll of noise {unknown}
 s - a scroll of fear {unknown}
 t - a scroll of magic mapping {unknown}
 x - a scroll of teleportation {unknown}
 y - a scroll of acquirement {unknown}
Potions
 b - a potion of berserk rage {unknown}
 d - 2 potions of ambrosia {unknown}
 j - 5 potions of attraction {unknown}
 o - a potion of brilliance {unknown}
 p - a potion of heal wounds {unknown}
 q - a potion of haste {unknown}
 r - 2 potions of might {unknown}
 u - a potion of mutation {unknown}
 z - a potion of curing {unknown}


   Skills:
 - Level 2.4 Dodging
 - Level 2.4 Stealth
 * Level 10.3 Spellcasting
 + Level 5.8 Conjurations
 * Level 8.9 Fire Magic


You had 18 spell levels left.
You knew the following spells:

 Your Spells              Type           Power      Damage    Failure   Level
a - Foxfire               Conj/Fire      100%       2x1d9     1%          1
b - Scorch                Fire           100%       2d10      1%          2
c - Inner Flame           Hex/Fire       35%        N/A       1%          3
d - Flame Wave            Conj/Fire      50%        2d10      1%          4

Your spell library contained the following spells:

 Spells                   Type           Power      Damage    Failure   Level
 Conjure Flame            Conj/Fire      50%        6-21      1%          3
 Blink                    Tloc           24%        N/A       2%          2
 Lesser Beckoning         Tloc           12%        N/A       6%          3
 Manifold Assault         Tloc           12%        N/A       45%         5
 Summon Cactus Giant      Summ           6%         N/A       94%         6
 Malign Gateway           Summ/Tloc      6%         N/A       100%        7
 Summon Horrible Things   Summ           6%         N/A       100%        8


Dungeon Overview and Level Annotations

Branches:
Dungeon (7/15)             Temple (1/1) D:4         Ossuary (visited)

Altars:
Ashenzari
Cheibriados
Dithmenos
Elyvilon
Fedhas
Gozag
Hepliaklqana
Kikubaaqudgha
Makhleb
Nemelex Xobeh
Okawaru
Qazlal
Ru
Sif Muna
Trog
Uskayaw
Vehumet
Wu Jian
Xom
Yredelemnul
Zin
The Shining One


Message History

A goblin comes into view. It is wielding a +0 hand axe.
You enter the shallow water.
Moving in this stuff is going to be slow.
An orc comes into view. It is wielding a +0 hand axe.
The goblin shouts!
A goblin comes into view. It is wielding a +0 hand axe.
The portal closes with a thud.
The orc shouts!
The gnoll shouts!
A gnoll comes into view. It is wielding a +0 hand axe.
The orc throws a boomerang.
The boomerang hits you but does no damage.
A wight comes into view. It is wielding a +0 great sword.
The gnoll closely misses you.
Your unstable footing causes you to fumble your attack.
The gnoll splashes around in the water.
The gnoll shouts!
A wight comes into view. It is wielding a +0 falchion.
The gnoll hits you with a +0 hand axe. The orc misses you.
The gnoll barely misses you. The orc closely misses you.
You enter the shallow water.
Moving in this stuff is going to be slow.
The gnoll hits you with a +0 hand axe! The wight closely misses you.
The gnoll barely misses you.
The goblin shouts!
The wight barely misses you. The orc misses you. The gnoll closely misses you.
The wight barely misses you. The orc completely misses you.
The wight splashes around in the water.
The wight hits you with a +0 great sword!
You feel drained. The wight hits you with a +0 falchion!
* * * LOW HITPOINT WARNING * * *
You feel drained.
* * * LOW HITPOINT WARNING * * *
The wight splashes around in the water.
You enter the shallow water.
Moving in this stuff is going to be slow.
Found 19 bolts.
There is an escape hatch in the ceiling here.
The wight hits you with a +0 great sword!!
You die...
Your body crumbles into a pile of gold.

## #......# ..# #......# ##.#
#......# ...## ####......# ≈≈..#
#.........# #≈..# ########
#.....#####
#≈..########......####.........##
#≈.......g.g.....)'............'$
.≈.g########.z.z@.####....$$.$$##
.≈#.# ###....# #.......$.# .≈#..#
#....# #####.....# .≈##.# #.####
.......'. .o##.. ##'####
..........## .g.##.#######.....#
...........# .≈.#
.......#.....#..P.......#.# #≈.#
#......#..z..'..o.
#≈.###......#.....#..o.


You could see 2 wights, a gnoll and a goblin.

Vanquished Creatures
  Prince Ribbit (D:5)
  An ice beast (D:6)
  A sky beast (D:6)
  An ogre (D:5)
  3 phantoms
  A kobold brigand (D:6)
  2 bullfrogs
  A gnoll sergeant (D:7)
  A wyvern skeleton (D:6)
  A water moccasin zombie (Ossuary)
  2 centaur zombies (D:6)
  5 bullfrog zombies
  A bullfrog skeleton (D:6)
  3 hounds
  3 jellies
  A gnoll shaman (D:7)
  2 orc priests
  2 centaur skeletons
  Jessica (D:2)
  An iguana (D:7)
  2 orc wizards
  A killer bee zombie (D:6)
  2 mummies (Ossuary)
  8 gnolls (D:7)
  6 adders
  A river rat (D:4)
  2 shadow imps
  8 adder zombies
  2 worms
  5 dart slugs
  16 orcs
  8 ball pythons
  13 endoplasms
  6 giant cockroaches
  4 gnoll zombies
  5 goblins
  11 hobgoblins
  2 jackals (D:1)
  4 quokkas
  3 bats
  4 frilled lizards
  4 hobgoblin zombies (Ossuary)
  9 kobolds
  6 kobold zombies (Ossuary)
  3 orc zombies (Ossuary)
  5 rats
174 creatures vanquished.

Vanquished Creatures (others)
  106 foxfires
  17 plants (D:7)
  A withered plant (D:6)
124 creatures vanquished.

Grand Total: 298 creatures vanquished

Notes
Turn   | Place    | Note
-------+----------+-------------------------------------------
     0 | D:1      | Zeld the Deep Elf Fire Elementalist began the quest for the
                  | Orb.
     0 | D:1      | Reached XP level 1. HP: 10/10 MP: 6/6
   574 | D:1      | Reached XP level 2. HP: 3/15 MP: 0/8
   579 | D:1      | Learned a level 2 spell: Scorch
  1622 | D:1      | Reached XP level 3. HP: 19/19 MP: 8/10
  1626 | D:1      | Learned a level 3 spell: Inner Flame
  1966 | D:1      | Found a faded altar of an unknown god.
  2298 | D:2      | Reached skill level 4 in Spellcasting
  2360 | D:2      | Noticed Jessica
  2366 | D:2      | Killed Jessica
  2474 | D:2      | Reached XP level 4. HP: 24/24 MP: 9/12
  2831 | D:2      | Found a blossoming altar of Fedhas.
  3069 | D:2      | Learned a level 4 spell: Flame Wave
  3497 | D:3      | Noticed a bullfrog
  3501 | D:3      | Killed a bullfrog
  3502 | D:3      | Reached skill level 5 in Spellcasting
  3502 | D:3      | Reached XP level 5. HP: 28/28 MP: 8/14
  3581 | D:3      | Reached skill level 5 in Fire Magic
  4326 | D:4      | Noticed a phantom
  4329 | D:4      | Killed a phantom
  4330 | D:4      | Reached XP level 6. HP: 27/32 MP: 8/16
  4349 | D:4      | Found a sand-covered staircase.
  4364 | Ossuary  | Entered an ossuary
  4594 | Ossuary  | Reached skill level 6 in Spellcasting
  5282 | D:4      | Found a snail-covered altar of Cheibriados.
  5334 | D:5      | Entered Level 5 of the Dungeon
  5547 | D:4      | Found a staircase to the Ecumenical Temple.
  5581 | D:4      | Reached XP level 7. HP: 28/36 MP: 10/19
  5596 | Temple   | Entered the Ecumenical Temple
  5723 | Temple   | Became a worshipper of Gozag Ym Sagoz the Greedy
  6540 | D:4      | Identified the +4 quarterstaff "Jeokh" {flame, Drain rCorr
                  | Str+6 Dex+2}
  7125 | D:5      | Noticed Prince Ribbit
  7155 | D:5      | Reached skill level 7 in Spellcasting
  8009 | D:5      | Killed Prince Ribbit
  8010 | D:5      | Reached skill level 8 in Spellcasting
  8261 | D:5      | Identified the +1 plate armour of the Journeyman {Fly}
  8399 | D:5      | Reached XP level 8. HP: 41/41 MP: 19/22
  8837 | D:6      | Reached skill level 9 in Spellcasting
  8837 | D:6      | Reached skill level 5 in Conjurations
  9594 | D:7      | Reached skill level 10 in Spellcasting
  9675 | D:7      | Reached XP level 9. HP: 12/45 MP: 3/25
  9915 | D:7      | Found a flagged portal.
  9944 | D:7      | Demolished by a wight

Illustrated notes

Levels and vault maps discovered:
D:1:      kilobyte_arrival_exit_the_forest, layout_loops_cross,
          shapermc_ecumenical_altar_hornbeckon, minmay_misc_feat_cross
D:2:      layout_basic, basic_altar, uniq_jessica
D:3:      layout_loops_cross
D:4:      layout_basic, lemuel_tele_altar, minmay_temple_entry_large_hall,
          portal_sewer_entry_b, enter_ossuary_3
D:5:      layout_loops_corners, uniq_prince_ribbit1
D:6:      layout_rooms, serial_undead, serial_undead_a, serial_undead_b,
          serial_undead_d, serial_undead_d
D:7:      layout_basic, lightli_bailey_entry_fortress, nicolae_grassy_gnolls
Temple:   mainiacjoe_temple_hex_bubbles

Skill      XL: |  1  2  3  4  5  6  7  8 |
---------------+-------------------------+-----
Spellcasting   | 4 5 6 8 10 | 10.3
Fire Magic     | 4 5 6 7 8 |  8.9
Conjurations   | 2 3 4 5 |  5.8
Dodging        | |  2.4
Stealth        | |  2.4

Action                   |  1- 3 |  4- 6 |  7- 9 || total
-------------------------+-------+-------+-------++-------
Melee: Unarmed           |    11 |       |       ||    11
       Quarterstaff      |       |    13 |    17 ||    30
 Cast: Foxfire           |    63 |     6 |     6 ||    75
       Scorch            |    21 |   104 |   130 ||   255
       Inner Flame       |       |     1 |       ||     1
 Stab: Sleeping          |       |     2 |     1 ||     3
Armor: Robe              |     5 |    13 |     9 ||    27
Dodge: Dodged            |    26 |    55 |    65 ||   146
